Map: New Gettysburg LE

Players

Nickos

  • Race: Terran Terran
  • League: Gold

SecondSonIV - Winner!

  • Race: Protoss Protoss

VOD

Have the link to the VOD?

Description

Time

  • Played on: Sept. 15, 2016, 8:28 a.m.
  • Length: 18:02
Show
View Real Time Build Order
Export as new Build Order

Nickos Terran 

Build Orders: Reaper Expand 

Get SALT Encoding   

  12  0:01  SCV  
  13  0:13  SCV  
  14  0:19  Supply Depot  
  14  0:25  SCV  
  15  0:40  SCV  
  15  0:42  Barracks  
  16  0:47  Refinery  
  16  0:52  SCV  
  17  1:05  SCV  
  18  1:17  SCV  
  19  1:30  Reaper  
  20  1:38  Command Center  
  21  2:01  Orbital Command  
  20  2:16  Supply Depot  
  20  2:31  SCV  
  20  2:33  Barracks  
  21  2:43  SCV  
  22  2:51  Marine  
  22  2:55  SCV  
  22  2:56  Orbital Command  
  24  3:01  Refinery  
  24  3:02  Factory  
  24  3:06  Barracks  
  24  3:07  SCV  
  24  3:11  Barracks Reactor  
  25  3:21  Bunker  
  25  3:28  SCV  
  25  3:29  SCV  
  25  3:30  Barracks Tech Lab  
  27  3:40  SCV  
  27  3:41  SCV  
  29  3:49  Bunker, Marine x3  
  29  3:52  SCV  
  29  3:53  SCV  
  29  3:54  Widow Mine  
  36  4:01  Marine  
  37  4:04  SCV  
  37  4:05  SCV  
  39  4:16  SCV  
  40  4:17  SCV  
  41  4:28  SCV, Marine x2  
  41  4:29  SCV, Marine  
  44  4:44  Marine  
  39  4:46  Factory Reactor, Marine x2  
  41  4:55  Marine  
  42  5:07  Marine  
  42  5:08  Marine x2  
  42  5:13  Marine  
  46  6:07  Marine  
  46  6:08  SCV  
  46  6:09  Marine  
  46  6:10  Marine, SCV  
  46  6:11  Marine  
  45  6:20  SCV  
  46  6:51  Supply Depot  
  46  6:54  Widow Mine x2, SCV, Marine x3  
  46  6:56  Marine  
  46  6:57  SCV  
  56  7:06  SCV  
  57  7:09  SCV  
  57  7:12  Marine x3  
  57  7:14  Marine  
  60  7:18  SCV  
  60  7:19  Engineering Bay  
  60  7:21  SCV  
  61  7:29  Marine  
  61  7:30  SCV  
  61  7:33  SCV  
  64  7:43  SCV  
  64  7:45  SCV  
  64  7:51  Missile Turret  
  65  7:53  Missile Turret  
  65  8:02  Widow Mine, Marauder  
  65  8:03  Marine  
  70  8:22  Supply Depot  
  70  8:23  Widow Mine  
  70  8:24  SCV x2, Marine x4  
  78  8:30  Supply Depot  
  78  8:43  SCV x2, Marine x4  
  66  8:55  SCV  
  66  9:02  Combat Shields  
  66  9:03  Marine  
  66  9:04  Marine x3  
  70  9:11  Starport  
  70  9:16  SCV x2  
  72  9:17  Command Center  
  72  9:21  Marine x2  
  72  9:22  Barracks Reactor, Marine  
  75  9:27  Terran Infantry Weapons Level 1  
  75  9:34  Supply Depot  
  75  9:39  Marine x2  
  75  9:41  Marine  
  78  9:46  Factory Tech Lab  
  78  9:48  Medivac x2  
  78  9:50  Command Center  
  82  9:53  Barracks  
  82  9:57  Marine  
  82  9:59  SCV x2  
  85  10:00  Marine x3  
  85  10:01  Missile Turret  
  85  10:02  Marine  
  89  10:08  Cyclone  
  93  10:14  Supply Depot  
  93  10:15  SCV  
  93  10:16  SCV  
  93  10:18  Medivac  
  97  10:22  Marine  
  97  10:24  Marine  
  97  10:27  SCV  
  100  10:28  SCV  
  100  10:30  Supply Depot  
  100  10:34  Supply Depot  
  101  10:46  Marine x3  
  101  10:47  Marine  
  101  10:48  Barracks Tech Lab  
  105  10:54  SCV x2  
  107  10:57  Stimpack  
  107  10:59  Marauder  
  107  11:01  Cyclone  
  107  11:03  Medivac  
  115  11:10  SCV  
  115  11:11  SCV  
  117  11:12  Marine x3  
  117  11:13  Marine  
  121  11:19  Supply Depot  
  122  11:25  SCV  
  122  11:27  Missile Turret x2  
  122  11:32  Planetary Fortress  
  121  11:38  SCV x3  
  124  11:44  Marine x2  
  124  11:45  Marine x2  
  124  11:47  Marauder  
  129  11:50  Marine  
  129  11:53  Viking  
  132  12:02  Marine x3  
  132  12:04  Marine  
  132  12:07  Marine  
  132  12:08  Marine  
  138  12:10  Terran Infantry Armor Level 1  
  138  12:15  Supply Depot  
  138  12:20  Marine  
  138  12:22  Missile Turret x2, SCV x2  
  141  12:26  SCV x2, Marauder  
  141  12:29  Marine x3  
  148  12:30  Viking, Marine  
  148  12:34  SCV  
  152  12:38  Marine  
  152  12:40  Viking  
  155  12:44  Supply Depot  
  155  12:47  Marine x5  
  157  12:55  Marine  
  157  13:04  Marine x2  
  157  13:05  Marine x3  
  133  13:13  Marine  
  133  13:16  Medivac  
  133  13:17  Medivac  
  138  13:22  Marine x2  
  138  13:23  Marine x3  
  143  13:31  Marine  
  122  13:47  Marine x4  
  117  13:48  Marauder  
  117  13:53  Marine  
  118  14:00  Refinery  
  118  14:01  Refinery  
  118  14:05  Marine  
  118  14:06  Missile Turret, Marauder  
  118  14:08  Marine  
  118  14:09  Marine  
  123  14:10  Marauder  
  123  14:11  Marine  
  124  14:17  SCV x3  
  124  14:22  Marine  
  128  14:26  Marine  
  128  14:27  Marauder  
  128  14:28  Missile Turret  
  128  14:30  Marine  
  128  14:31  Marauder, Marine  
  130  14:36  Viking x2  
  134  14:39  Supply Depot  
  134  14:40  Marine  
  134  14:44  Marine  
  129  14:48  Marine x3  
  129  14:52  Marine  
  125  14:57  Command Center  
  125  14:59  Marine  
  125  15:02  Marine  
  125  15:06  Viking, Marine  
  121  15:12  Marine x3  
  103  15:17  Marine  
  103  15:20  Marine  
  84  15:24  Marine  
  75  15:29  Marine  
  75  15:30  Marine x2  
  75  15:34  Marine  
  78  15:37  Marine  
  78  15:38  Liberator x2  
  78  15:42  Marine  
  77  15:47  Marine x2  
  77  15:48  Marine  
  80  15:52  Marine  
  80  15:55  Marine  
  84  15:59  Marine  
  85  16:05  Marine x3  
  85  16:10  Marine  
  87  16:13  Marine  
  87  16:17  Marine  
  89  16:21  Liberator  
  89  16:23  Marine x3  
  92  16:27  Barracks  
  92  16:28  Marine  
  92  16:31  Marine  
  91  16:35  Marine  
  78  16:40  Liberator  
  78  16:41  Marine x3  
  78  16:46  Marine  
  52  16:49  Marine  
  52  16:53  Marine  
  37  16:58  Marine  
  37  16:59  SCV x2, Marine x2  
  41  17:03  Marine  
  41  17:07  Marine  
  41  17:11  SCV, Marine  
  41  17:12  SCV  
  44  17:16  Marine x2  
  44  17:17  Marine  
  44  17:21  Marine  
  47  17:23  SCV  
  47  17:24  SCV  
  48  17:35  SCV  
Show
View Real Time Build Order
Export as new Build Order

SecondSonIV Protoss - Winner!

Build Orders:  

Get SALT Encoding   

  12  0:01  Probe (Chrono Boost)  
  13  0:15  Pylon  
  13  0:18  Probe (Chrono Boost)  
  14  0:29  Probe (Chrono Boost)  
  15  0:36  Gateway  
  15  0:40  Probe (Chrono Boost)  
  16  0:50  Probe (Chrono Boost)  
  17  1:04  Probe (Chrono Boost)  
  18  1:08  Gateway  
  18  1:11  Assimilator  
  18  1:14  Probe (Chrono Boost)  
  19  1:22  Pylon  
  21  1:32  Cybernetics Core  
  19  1:35  Probe (Chrono Boost)  
  20  1:45  Probe (Chrono Boost)  
  21  1:52  Pylon  
  21  2:01  Warp Gate  
  21  2:06  Pylon  
  21  2:08  Adept x2  
  25  2:15  Assimilator  
  25  2:22  Forge  
  24  2:55  Adept x2  
  28  3:02  Protoss Ground Weapons Level 1  
  28  3:05  Pylon  
  28  3:10  Probe (Chrono Boost)  
  29  3:19  Gateway  
  29  3:22  Probe (Chrono Boost)  
  30  3:32  Adept  
  30  3:33  Adept  
  35  3:34  Probe (Chrono Boost)  
  35  3:46  Probe (Chrono Boost)  
  36  3:56  Stargate  
  36  4:03  Photon Cannon  
  30  4:53  Robotics Facility, Oracle  
  33  5:03  Photon Cannon  
  33  5:05  Stalker x3  
  39  5:14  Pylon  
  39  5:39  Stalker  
  39  5:40  Stalker x2  
  39  5:41  Observer  
  46  6:31  Pylon  
  46  6:35  Pylon  
  46  7:02  Nexus  
  46  7:23  Pylon  
  45  7:47  Void Ray  
  45  7:48  Immortal  
  53  7:54  Pylon  
  53  7:55  Gateway  
  53  8:05  Sentry x2  
  55  8:07  Photon Cannon  
  55  8:08  Stalker  
  56  8:30  Void Ray  
  60  8:37  Probe (Chrono Boost)  
  60  8:41  Adept x3  
  65  8:48  Probe (Chrono Boost)  
  62  8:58  Probe (Chrono Boost)  
  62  9:01  Immortal  
  67  9:11  Probe (Chrono Boost)  
  68  9:18  Protoss Ground Armor Level 1  
  68  9:23  Probe (Chrono Boost)  
  69  9:25  Assimilator  
  69  9:28  Probe (Chrono Boost), Assimilator  
  70  9:35  Probe (Chrono Boost)  
  71  9:39  Probe (Chrono Boost), Void Ray  
  76  9:51  Stargate  
  76  9:54  Pylon  
  76  10:01  Probe (Chrono Boost)  
  77  10:07  Adept x2  
  77  10:11  Probe (Chrono Boost)  
  82  10:16  Protoss Air Weapons Level 1  
  82  10:20  Oracle  
  82  10:22  Probe (Chrono Boost)  
  86  10:32  Probe (Chrono Boost)  
  87  10:42  Void Ray  
  87  10:43  Probe (Chrono Boost)  
  92  10:50  Void Ray  
  96  11:03  Stalker x2  
  100  11:36  Photon Cannon  
  100  11:38  Photon Cannon  
  100  11:40  Pylon  
  100  11:44  Pylon  
  100  11:48  Stalker  
  102  11:59  Void Ray  
  102  12:04  Void Ray  
  110  12:08  Pylon  
  110  12:11  Stalker x2  
  110  12:13  Sentry  
  116  12:27  Protoss Shields Level 1  
  116  12:31  Stalker  
  111  13:22  Stalker x4  
  119  13:28  Nexus  
  105  13:56  Pylon  
  105  14:05  Gateway  
  105  14:08  Photon Cannon  
  105  14:11  Void Ray  
  105  14:16  Void Ray  
  103  14:48  Void Ray  
  103  14:54  Stalker x3  
  103  14:55  Stalker  
  103  14:59  Void Ray  
  95  15:49  Void Ray  
  95  15:55  Void Ray  
  103  15:57  Stalker  
  105  16:26  Void Ray  
  98  16:38  Void Ray  
  94  17:09  Observer  
  94  17:12  Stalker x3  
Tags
 
Add a new tag
Caveats
  • Supply blocks, unpowered buildings, or Contaminate may cause inaccurate times.
  • Supply counts are checked every 10 seconds.